 Dungeon Crawl Stone Soup version 0.28-a0-1395-g4f6bc678fa (webtiles) character file.

Game seed: 12887610868988733566

22635 funkygono the Thaumaturge (level 12, -8/91 HPs)
             Began as a White Draconian Fire Elementalist on Jan 2, 2022.
             Was a High Priest of Vehumet.
             Mangled by a seven-headed hydra (10 damage)
             ... on level 12 of the Dungeon on Jan 4, 2022.
             The game lasted 00:32:26 (13584 turns).

funkygono the Thaumaturge (DrFE)                   Turns: 13584, Time: 00:32:27

Health: -8/91      AC: 24    Str: 13    XL:     12   Next: 64%
Magic:  25/28      EV: 13    Int: 23    God:    Vehumet [*****.]
Gold:   1099       SH:  0    Dex: 13    Spells: 4/35 levels left

rFire   . . .      SeeInvis .   E - +5 long sword (freeze)
rCold   . . .      Faith    .   (no shield)
rNeg    + . .      Spirit   .   (armour unavailable)
rPois   .          Reflect  .   (helmet restricted)
rElec   .          Harm     .   l - +2 cloak {Stlth+}
rCorr   .          Rampage  .   a - +5 pair of gloves of the Moneychanger {rC- rN+ Regen+}
Will    .....                   B - +2 pair of boots
Stlth   +++.......              (no amulet)
HPRegen 1.05/turn               q - +6 ring of intelligence
MPRegen 0.21/turn               s - +4 ring of protection

@: studying Long Blades
A: breathe frost, AC +8, unfitting armour, cold resistance 1, cold-blooded
a: Breathe Frost, Renounce Religion


You were on level 12 of the Dungeon.
You worshipped Vehumet.
Vehumet was extremely pleased with you.
You visited 2 branches of the dungeon, and saw 14 of its levels.

You collected 1565 gold pieces.
You spent 466 gold pieces at shops.

Inventory:

Hand Weapons
 d - a +2 dagger of venom
 k - a +4 quarterstaff of chaos
 n - a +1 vorpal flail
 o - a +0 falchion
 z - a +1 long sword
 E - a +5 long sword of freezing (weapon)
Missiles
 b - 284 stones
Armour
 a - the +5 pair of gloves of the Moneychanger (worn) {rC- rN+ Regen+}
   (You acquired it on level 3 of the Dungeon)

   rC:        It makes you vulnerable to cold.
   rN:        It protects you from negative energy.
   Regen:     It increases your rate of health regeneration.
 l - a +2 cloak of stealth (worn)
 t - an orb of light
 B - a +2 pair of boots (worn)
Magical Staves
 F - a staff of air
Jewellery
 q - a +6 ring of intelligence (left hand)
 s - a +4 ring of protection (right hand)
 w - a ring of wizardry
 D - a +6 ring of dexterity
 M - a +4 ring of evasion
Wands
 r - a wand of digging (6)
 u - a wand of flame (35)
 v - a wand of paralysis (9)
 y - a wand of iceblast (17)
Scrolls
 f - 2 scrolls of silence
 i - 2 scrolls of fear
 j - 8 scrolls of teleportation
 m - 4 scrolls of identify
 p - 3 scrolls of blinking
 A - a scroll of fog
 I - a scroll of summoning
 J - a scroll of magic mapping
Potions
 c - 5 potions of brilliance
 e - 4 potions of curing
 g - 2 potions of lignification
 h - 5 potions of ambrosia
 C - 2 potions of heal wounds
 G - a potion of haste
 H - 2 potions of mutation
Miscellaneous
 L - a phantom mirror


   Skills:
 + Level 3.8 Fighting
 + Level 8.6 Long Blades
 + Level 5.0 Dodging
 - Level 1.7 Stealth
 * Level 12.0 Spellcasting
 * Level 9.0 Conjurations
 * Level 10.1 Fire Magic
 * Level 3.0 Ice Magic


You had 4 spell levels left.
You knew the following spells:

 Your Spells              Type           Power      Damage    Failure   Level
a - Foxfire               Conj/Fire      100%       2x1d9     1%          1
b - Scorch                Fire           100%       2d10      1%          2
c - Conjure Flame         Conj/Fire      55%        6-21      1%          3
d - Flame Wave            Conj/Fire      55%        2d9       1%          4
e - Magic Dart            Conj           100%       1d8       1%          1
f - Searing Ray           Conj           100%       2d8       1%          2
g - Sticky Flame          Conj/Fire      55%        2d7       1%          4
h - Fireball              Conj/Fire      27%        3d12      1%          5
i - Frozen Ramparts       Ice            54%        1d7       1%          3
j - Starburst             Conj/Fire      27%        6d9       4%          6

Your spell library contained the following spells:

 Spells                   Type           Power      Damage    Failure   Level
 Inner Flame              Hex/Fire       37%        N/A       1%          3
 Mephitic Cloud           Conj/Pois/Air  27%        N/A       1%          3
 Fulminant Prism          Conj/Hex       17%        3d11      1%          4
 Iskenderun's Mystic Bla  Conj/Tloc      34%        2d8       1%          4
 Ensorcelled Hibernation  Hex/Ice        40%        N/A       3%          2
 Apportation              Tloc           26%        N/A       4%          1
 Sting                    Tmut/Pois      52%        1d5       4%          1
 Blink                    Tloc           26%        N/A       7%          2
 Lesser Beckoning         Tloc           13%        N/A       14%         3
 Spider Form              Tmut/Pois      13%        N/A       14%         3
 Teleport Other           Tloc           13%        N/A       14%         3
 Tukima's Dance           Hex            13%        N/A       14%         3
 Ice Form                 Ice/Tmut       20%        N/A       24%         4
 Summon Ice Beast         Ice/Summ       20%        N/A       24%         4
 Lightning Bolt           Conj/Air       17%        1d31      5%          5
 Lee's Rapid Deconstruct  Erth           6%         3d7*      30%         5
 Manifold Assault         Tloc           13%        N/A       77%         5
 Storm Form               Tmut/Air       6%         N/A       100%        7
 Summon Horrible Things   Summ           6%         N/A       100%        8
 Dragon's Call            Summ           6%         N/A       100%        9


Dungeon Overview and Level Annotations

Branches:
Dungeon (13/15) Temple (1/1) D:4 Lair (0/6) D:8 Orc (0/2) D:12 Vaults (0/5) D:12 D:13

Altars:
Ashenzari
Cheibriados
Dithmenos
Elyvilon
Fedhas
Gozag
Hepliaklqana
Kikubaaqudgha
Makhleb
Nemelex Xobeh
Okawaru
Qazlal
Ru
Sif Muna
Trog
Uskayaw
Vehumet
Wu Jian
Xom
Yredelemnul
Zin
The Shining One
Beogh

Shops:
D:2 (   D:3 :[[[   D:6 =   D:8 [!(=   D:9 (


Innate Abilities, Weirdness & Mutations

You can breathe waves of freezing cold which knock back foes.
Your icy white scales are hard. (AC +8)
You cannot fit into any form of body armour.
Your flesh is cold resistant. (rC+)
You are cold-blooded and may be slowed by cold attacks.


Message History

The centaur warrior kicks you but does no damage.
The human hits you but does no damage.
The seven-headed hydra bites you but does no damage.
The seven-headed hydra bites you.
* * * LOW HITPOINT WARNING * * *
The seven-headed hydra bites you but does no damage. x3
The seven-headed hydra misses you.
The seven-headed hydra closely misses you.
The human misses you. The human hits you but does no damage.
The centaur warrior hits you.
* * * LOW HITPOINT WARNING * * *
The centaur warrior kicks you but does no damage.
The two-headed ogre hits you with a +0 giant spiked club.
* * * LOW HITPOINT WARNING * * *
The two-headed ogre hits you with a +0 giant club!
* * * LOW HITPOINT WARNING * * *
Okay, then.
A wave of flame ripples out!
The flame wave engulfs the human!
The human is severely wounded.
The flame wave engulfs the human!
The human is severely wounded.
The flame wave engulfs the centaur warrior!
The centaur warrior is heavily wounded.
The flame wave engulfs the seven-headed hydra!
The seven-headed hydra is heavily wounded.
The flame wave engulfs the human!
You kill the human!
Vehumet accepts your kill.
The flame wave engulfs the two-headed ogre!
The two-headed ogre is heavily wounded.
The seven-headed hydra bites you but does no damage. x2
The seven-headed hydra bites you.
* * * LOW HITPOINT WARNING * * *
The seven-headed hydra bites you but does no damage.
The seven-headed hydra bites you.
* * * LOW HITPOINT WARNING * * *
The seven-headed hydra bites you!
* * * LOW HITPOINT WARNING * * *
The seven-headed hydra bites you!
You die...

#.# #.##8'8#####8)8##
#.#
######'#.....)8))))).#
#.#
#......#......)))))..#
#.##
#......#...⌠.._..⌠...#
#..#
#......#.............#
##.###
#......#..(...>......#
#...#
#......###############
###.# #...p†O....#
#.... #.# #...c@D....#
#.... #.# ####p#######
#...^ #.# #†## ###'#
#.# #÷.# #.. ######.##
#####†####### #####
........#
#...........######....
........#
#...........'...##....
........#
#...........###.##....
........#
#...........# #..#....


You could see a seven-headed hydra, a centaur warrior, a two-headed ogre and 2
humans.

Vanquished Creatures
  Kirke (D:12)
  4 two-headed ogres
  A centaur warrior (D:9)
  A skeletal warrior (D:9)
  A deep elf pyromancer (D:11)
  An ugly thing (D:12)
  A cyclops (D:12)
  Joseph (D:7)
  Maggie (D:8)
  An unseen horror (D:6)
  A komodo dragon (D:12)
  A queen bee (D:11)
  2 polar bears (D:12)
  2 trolls (D:11)
  Grinder (D:3)
  3 slime creatures (D:12)
  4 flying skulls (D:9)
  3 shadows
  15 yaks
  5 wraiths
  6 hogs (D:12)
  3 wyverns
  10 humans (D:12)
  A steam dragon (D:9)
  Edmund (D:4)
  4 water moccasins (D:7)
  3 ice beasts
  A hornet zombie (D:9)
  8 orc warriors
  2 sky beasts
  3 black bears
  2 ogres (D:6)
  10 centaurs
  3 kobold brigands
  A wyvern zombie (D:6)
  A scorpion (D:6)
  A wyvern skeleton (D:6)
  29 killer bees
  2 howler monkeys (D:8)
  7 wights
  2 bullfrog zombies (D:6)
  13 centaur zombies
  A gnoll shaman (D:9)
  10 orc priests
  3 hounds
  6 jellies
  Crazy Yiuf (D:2)
  10 centaur skeletons
  An iguana (D:5)
  Natasha (twice) (D:4)
  4 orc wizards
  A hound zombie (D:5)
  2 howler monkey zombies
  3 gnolls (D:9)
  5 adders
  A white imp (D:5)
  An ufetubus (D:6)
  5 worms
  3 dart slugs
  37 orcs
  5 bats
  9 endoplasms
  A giant cockroach (D:2)
  9 hobgoblins
  5 quokkas
  6 ball pythons
  3 frilled lizards
  9 goblins
  10 kobolds
  3 rats
319 creatures vanquished.

Vanquished Creatures (collateral kills)
  A foxfire (D:12)
1 creature vanquished.

Vanquished Creatures (others)
  2 orcs (D:9)
  761 foxfires
763 creatures vanquished.

Grand Total: 1083 creatures vanquished

Notes
Turn   | Place    | Note
-------+----------+-------------------------------------------
     0 | D:1      | funkygono the Draconian Fire Elementalist began the quest
                  | for the Orb.
     0 | D:1      | Reached XP level 1. HP: 14/14 MP: 3/3
   259 | D:1      | Reached XP level 2. HP: 19/20 MP: 0/5
   263 | D:1      | Learned a level 2 spell: Scorch
  1053 | D:2      | Reached XP level 3. HP: 26/26 MP: 1/6
  1057 | D:2      | Learned a level 3 spell: Conjure Flame
  1674 | D:2      | Found a faded altar of an unknown god.
  2000 | D:2      | Found Reckoimu's Antique Weapon Emporium.
  2017 | D:2      | Reached XP level 4. HP: 33/33 MP: 4/8
  2135 | D:2      | Found a runed translucent door.
  2136 | D:2      | Noticed Crazy Yiuf
  2142 | D:2      | HP: 1/33 [Crazy Yiuf (10)]
  2205 | D:2      | Killed Crazy Yiuf
  2206 | D:2      | Reached skill level 3 in Spellcasting
  2624 | D:3      | Noticed Grinder
  2633 | D:3      | Paralysed by Grinder for 4 turns
  2642 | D:3      | Paralysed by Grinder for 2 turns
  2646 | D:3      | Paralysed by Grinder for 3 turns
  2663 | D:3      | Killed Grinder
  2664 | D:3      | Reached skill level 4 in Spellcasting
  2664 | D:3      | Reached skill level 5 in Fire Magic
  2664 | D:3      | Reached XP level 5. HP: 22/38 MP: 0/11
  2664 | D:3      | Reached XP level 6. HP: 26/45 MP: 0/12
  2802 | D:3      | Found Xoamis's Antique Armour Shoppe.
  2803 | D:3      | Found Jangapaf's Armour Boutique.
  2820 | D:3      | Found Moclyxuphe's Armour Shoppe.
  2833 | D:3      | Noticed a sky beast
  2845 | D:3      | Killed a sky beast
  3214 | D:3      | Found Gefeoc's Book Shop.
  3291 | D:3      | Found an ornate altar of the Wu Jian Council.
  3781 | D:3      | Identified a scroll of acquirement
  3781 | D:3      | Acquired the +5 pair of gloves of the Moneychanger {rC- rN+
                  | Regen+}
  3799 | D:3      | Learned a level 4 spell: Flame Wave
  3830 | D:4      | Noticed Natasha
  3841 | D:4      | Killed Natasha
  4322 | D:4      | Found a staircase to the Ecumenical Temple.
  4328 | D:4      | Noticed Natasha
  4334 | D:4      | Killed Natasha
  4335 | D:4      | Your scales start taking on an icy white colour.
  4335 | D:4      | Reached XP level 7. HP: 50/50 MP: 7/14
  4335 | D:4      | Gained mutation: Your flesh is cold resistant. (rC+) [White
                  | Draconian growth]
  4341 | Temple   | Entered the Ecumenical Temple
  4460 | Temple   | Became a worshipper of Vehumet
  4537 | Temple   | Acquired 777 gold pieces
  4690 | D:4      | Noticed Edmund
  4699 | D:4      | Killed Edmund
  4763 | D:5      | Entered Level 5 of the Dungeon
  4771 | D:5      | Reached skill level 5 in Spellcasting
  4972 | D:5      | Got the Handbook of the Bruised Quests
  5039 | D:5      | You fall into a shaft and drop 3 floors!
  5078 | D:8      | Found Gicurch's Distillery.
  5082 | D:8      | Noticed a wyvern
  5083 | D:8      | Noticed a wyvern
  5089 | D:8      | Noticed a yak
  5091 | D:8      | Killed a wyvern
  5092 | D:8      | Reached skill level 5 in Fire Magic
  5100 | D:8      | Noticed a two-headed ogre
  5238 | D:8      | Found Cilyfoh's Jewellery Shop.
  5246 | D:8      | Bought a +4 ring of protection for 396 gold pieces
  5382 | D:8      | Found Huifu's Weapon Shoppe.
  5494 | D:6      | Killed an unseen horror
  5495 | D:6      | Reached skill level 6 in Spellcasting
  5495 | D:6      | Reached XP level 8. HP: 58/58 MP: 9/17
  5850 | D:5      | Got Tugor's Handbook of the Birds and the Escort
  6333 | D:5      | Upgraded the game from 0.28-a0-1387-g3a22ab9bdc to
                  | 0.28-a0-1389-gc726bef33b
  6333 | D:5      | Upgraded the game from 0.28-a0-1389-gc726bef33b to
                  | 0.28-a0-1395-g4f6bc678fa
  6655 | D:6      | Reached skill level 7 in Spellcasting
  6736 | D:6      | Reached skill level 5 in Conjurations
  6847 | D:6      | Reached XP level 9. HP: 63/63 MP: 11/19
  7066 | D:6      | Found Dukaqar's Jewellery Shoppe.
  7731 | D:7      | Reached * piety under Vehumet
  7731 | D:7      | Offered knowledge of Magic Dart by Vehumet.
  8101 | D:7      | Noticed Joseph
  8111 | D:7      | Killed Joseph
  8112 | D:7      | Reached skill level 8 in Spellcasting
  8778 | D:7      | Learned a level 1 spell: Magic Dart
  8839 | D:8      | Reached skill level 1 in Fighting
  8839 | D:8      | Reached skill level 1 in Long Blades
  8839 | D:8      | Reached skill level 9 in Spellcasting
  8890 | D:8      | Reached XP level 10. HP: 71/71 MP: 17/23
  8896 | D:8      | Noticed Maggie
  8900 | D:8      | Killed a two-headed ogre
  8919 | D:8      | Killed Maggie
  9054 | D:8      | Bought a potion of heal wounds for 70 gold pieces
  9096 | D:8      | Found Efryn's Armour Boutique.
  9112 | D:8      | Found a staircase to the Lair.
  9670 | D:9      | Found Qaasaeg's Weapon Boutique.
  9729 | D:9      | Noticed a centaur warrior
  9738 | D:9      | Killed a centaur warrior
  9738 | D:9      | Reached ** piety under Vehumet
  9749 | D:9      | Offered knowledge of Static Discharge by Vehumet.
  9941 | D:9      | Reached skill level 10 in Spellcasting
  9968 | D:9      | Reached skill level 5 in Long Blades
  9995 | D:9      | Reached XP level 11. HP: 81/81 MP: 4/25
 10023 | D:9      | Offered knowledge of Searing Ray by Vehumet.
 10108 | D:9      | Noticed a skeletal warrior
 10130 | D:9      | Killed a skeletal warrior
 10134 | D:9      | Reached *** piety under Vehumet
 10559 | D:9      | Noticed a two-headed ogre
 10566 | D:9      | Killed a two-headed ogre
 10925 | D:9      | Learned a level 2 spell: Searing Ray
 10959 | D:10     | Entered Level 10 of the Dungeon
 11501 | D:10     | Offered knowledge of Sticky Flame by Vehumet.
 11507 | D:10     | Learned a level 4 spell: Sticky Flame
 11815 | D:11     | Noticed a two-headed ogre
 11831 | D:11     | Killed a two-headed ogre
 11832 | D:11     | Reached skill level 11 in Spellcasting
 11943 | D:11     | Reached **** piety under Vehumet
 12053 | D:11     | Got Acvef's Papyrus of Hexes and Attacks
 12107 | D:11     | Found an opulent altar of Gozag.
 12129 | D:11     | Offered knowledge of Irradiate by Vehumet.
 12130 | D:11     | Reached XP level 12. HP: 33/89 MP: 19/27
 12136 | D:11     | Learned a level 5 spell: Fireball
 12423 | D:11     | Noticed a two-headed ogre
 12429 | D:11     | Killed a two-headed ogre
 12736 | D:12     | Found a staircase to the Orcish Mines.
 12812 | D:12     | Reached ***** piety under Vehumet
 12855 | D:12     | Learned a level 3 spell: Frozen Ramparts
 12930 | D:12     | Offered knowledge of Starburst by Vehumet.
 12938 | D:12     | Learned a level 6 spell: Starburst
 12974 | D:12     | Found a bloodstained altar of Trog.
 13005 | D:12     | Reached skill level 1 in Ice Magic
 13153 | D:12     | Noticed Kirke
 13189 | D:12     | Killed Kirke
 13190 | D:12     | Reached skill level 10 in Fire Magic
 13560 | D:13     | Noticed a two-headed ogre
 13560 | D:13     | Noticed a seven-headed hydra
 13560 | D:13     | Noticed a centaur warrior
 13560 | D:13     | Found a gate to the Vaults.
 13572 | D:12     | Reached skill level 5 in Dodging
 13572 | D:12     | Reached skill level 12 in Spellcasting
 13584 | D:12     | HP: 2/91 [seven-headed hydra (8)]
 13584 | D:12     | Mangled by a seven-headed hydra

Illustrated notes

Levels and vault maps discovered:
D:1:      psy_arrival_terrarium, layout_loops_ring
D:2:      layout_loops_cross, serial_shops, nicolae_shop_behind_doors,
          hellmonk_ecumenical_altar_leap_of_faith, minmay_split_cup_large,
          uniq_crazy_yiuf_cottage
D:3:      layout_rooms, nzn_wu_jian_contemplation, serial_shops, shop,
          nicolae_square_shop, shop, nicolae_shop_hallway_plus,
          serial_co_window_serial, co_window_of_opportunity_a,
          co_window_corner_a, co_window_of_opportunity_a, co_window_paths_a,
          co_window_corner_a, co_window_paths_b, co_window_corner_b,
          co_window_corner_b, co_window_corner_cb, co_window_unsneaky_path_a,
          co_window_broadway_b, uniq_grinder
D:4:      layout_rooms, minmay_temple_entry_grid, kennysheep_nondescript,
          uniq_natasha, uniq_edmund
D:5:      layout_gridville, minmay_fractal_squares_5
D:6:      layout_loops_ring, enter_ossuary_5, serial_shops, nicolae_square_shop,
          hangedman_decor_slide_cut, minmay_manual_monolith
D:7:      layout_basic, uniq_joseph
D:8:      layout_basic, david_lair_generic, serial_shops, shop_fountains,
          shop_statue, shop, nicolae_square_shop, uniq_maggie
D:9:      hangedman_screamer, layout_loops_ring, serial_shops,
          nicolae_take_the_stairs
D:10:     layout_rooms
D:11:     layout_roguey [special_room_bee], nicolae_gozag_seed_capital
D:12:     layout_roguey, david_orc_5, trog_ov_bears_minmay, uniq_kirke
D:13:     layout_rooms, david_vaults_3, serial_shops, shop, shop,
          nicolae_shop_stone, nicolae_diamond_shop, nicolae_lakefront_shop,
          kennysheep_generic_room_7
Temple:   minmay_crystal_snake_temple

Skill      XL: |  1  2  3  4  5  6  7  8  9 10 11 12 |
---------------+-------------------------------------+-----
Fire Magic     | 4 5 4 5 6 7 8 9 10 | 10.1
Spellcasting   | 4 6 7 9 10 11 12 | 12.0
Conjurations   | 2 3 4 5 6 7 8 9 |  9.0
Dodging        | 2 3 4 5 |  5.0
Fighting       | 1 2 3 |  3.8
Long Blades    | 1 5 7 8 |  8.6
Ice Magic      | 3 |  3.0
Stealth        | |  1.7

Action                   |  1- 3 |  4- 6 |  7- 9 | 10-12 || total
-------------------------+-------+-------+-------+-------++-------
Melee: Dagger            |    17 |    11 |     7 |       ||    35
       Tailslap          |     5 |     2 |     7 |    37 ||    51
       Long sword        |       |       |    36 |   305 ||   341
       Unarmed           |       |       |       |    10 ||    10
 Cast: Foxfire           |    66 |    77 |   152 |   174 ||   469
       Scorch            |    10 |    14 |    44 |    45 ||   113
       Flame Wave        |       |       |     3 |    44 ||    47
       Conjure Flame     |       |       |     1 |       ||     1
       Searing Ray       |       |       |       |     1 ||     1
 Abil: Breathe Frost     |       |       |     2 |     5 ||     7
  Use: Scroll            |       |     8 |    10 |     7 ||    25
       Potion            |       |     2 |       |     2 ||     4
Armor: Skin              |     8 |     5 |    79 |   350 ||   442
Dodge: Dodged            |    14 |     3 |    87 |   389 ||   493

Table legend: (Time is in decaauts)
 A = Elapsed time spent in this place.
 B = Non-inter-level travel time spent in this place.
 C = Inter-level travel time spent in this place.
 D = Time resting spent in this place.
 E = Time spent auto-exploring this place.
 F = Levels seen in this place.
 G = Mean time per level.
                   A        B        C        D        E       F      G
               +--------+--------+--------+--------+--------+-----+--------+
         Total |  13668 |  13135 |    533 |    473 |  10240 |  14 |  976.3 |
       Dungeon |  13393 |  12917 |    476 |    473 |  10068 |  13 | 1030.2 |
        Temple |    275 |    219 |     56 |      0 |    172 |   1 |  275.0 |
               +--------+--------+--------+--------+--------+-----+--------+

Top non-repeatable levels by time:
     D:9: 1581 daAuts
     D:2: 1491 daAuts
     D:7: 1480 daAuts
     D:3: 1316 daAuts
     D:5: 1207 daAuts
     D:8: 1011 daAuts
     D:1: 1002 daAuts
    D:11: 992 daAuts
     D:6: 927 daAuts
    D:12: 913 daAuts
     D:4: 743 daAuts
    D:10: 718 daAuts
  Temple: 275 daAuts
    D:13: 6 daAuts
